 Dungeon Sprint DCSS version 0.30-a0-867-g305f33218d (webtiles) character file.

Game seed: 5652179964001767154

982 howech the Unseen (level 8, -5/46 HPs)
             Began as an Octopode Enchanter on Mar 10, 2023.
             Slain by a deep troll (15 damage)
             ... in the Dungeon (Sprint I: "Red Sonja").
             The game lasted 00:02:16 (355 turns).

howech the Unseen (Octopode Enchanter)               Turns: 355, Time: 00:02:17

Health: -5/46      AC:  1    Str:  7    XL:     8   Next: 17%
Magic:  17/19      EV: 13    Int: 18    God:
Gold:   405        SH:  0    Dex: 14    Spells: 16/21 levels left

rFire   . . .      SeeInvis .    i - +1 dagger (venom)
rCold   . . .      Faith    .    (no shield)
rNeg    . . .      Spirit   .    (helmet restricted)
rPois   .          Reflect  .    (no amulet)
rElec   .          Rampage  .    (no ring)
rCorr   .          NoTele   +    (no ring)
Will    .....                    (no ring)
Stlth   +++++++                  (no ring)
HPRegen 0.27/turn                (no ring)
MPRegen 0.16/turn                (no ring)
                                 (no ring)
                                 (no ring)

@: no status effects
A: almost no armour, amphibious, 8 rings, camouflage 1, gelatinous body 1,
(nimble swimmer 1), tentacles
a: no special abilities


You were in the Dungeon.
You visited 1 branch You collected 405 gold pieces.

Inventory:

Hand Weapons
 a - a +1 dagger
 i - a +1 dagger of venom (weapon)
Missiles
 m - 3 curare-tipped darts (quivered)
Wands
 g - a wand of light (10)
Scrolls
 h - a scroll of blinking
 k - a scroll of fear {unknown}
 l - a scroll of identify {unknown}
Potions
 b - 2 potions of invisibility
 c - a potion of curing
 d - a potion of heal wounds
 e - a potion of haste
 f - 2 potions of magic
 j - 2 potions of resistance {unknown}


   Skills:
 + Level 7.4 Short Blades
 - Level 2.6 Dodging
 * Level 15.6 Stealth
 + Level 7.3 Spellcasting
 + Level 8.9 Hexes


You had 16 spell levels left.
You knew the following spells:

 Your Spells              Type           Power      Damage    Failure   Level
a - Ensorcelled Hibernat  Hex/Ice        44%        N/A       2%          2
b - Confusing Touch       Hex            38%        N/A       1%          3

Your spell library contained the following spells:

 Spells                   Type           Power      Damage    Failure   Level
 Tukima's Dance           Hex            38%        N/A       1%          3
 Dazzling Flash           Conj/Hex       44%        N/A       4%          3
 Apportation              Tloc           12%        N/A       11%         1
 Alistair's Intoxication  Tmut/Pois      4%         N/A       96%         5


Dungeon Overview and Level Annotations

Branches:
Dungeon (1/1)

Altars:
Cheibriados
Dithmenos
Elyvilon
Fedhas
Gozag
Hepliaklqana
Kikubaaqudgha
Nemelex Xobeh
Okawaru
Qazlal
Ru
Sif Muna
Trog
Uskayaw
Vehumet
Wu Jian
Yredelemnul
Zin
The Shining One

Shops:
D (!


Innate Abilities, Weirdness & Mutations

You cannot wear most types of armour.
You are amphibious.
You can wear up to eight rings at the same time.
Your skin changes colour to match your surroundings (Stealth+).
Your rubbery body absorbs attacks. (AC +1, EV +1)
((You are camouflaged when in or above water. (Stealth+)))
You have tentacles for arms and can constrict up to eight enemies at once.


Message History

A yak comes into view.
Found Qot Oroatu's Distillery.
Found fourteen altars.
Found an opulent altar of Gozag.
There is an open door here.
The helpless yak fails to defend itself.
You stick the yak like a pincushion!!!!
You kill the yak!
Unknown command.
Found a sparkling altar of Nemelex Xobeh.
There is an entrance to Qot Oroatu's Distillery here.
There is an open door here.
There is a radiant altar of Vehumet here.
There is an open door here.
You open the door.
There is an open door here.
Found Weonozegh's Weapon Boutique.
There is an entrance to Weonozegh's Weapon Boutique here.
You can access your shopping list by pressing '$'.
There is an open door here.
You open the door.
A deep troll comes into view.
The deep troll shouts!
Found 108 gold pieces.
There is an open door here.
Casting: Ensorcelled Hibernation (safe; 2% risk of failure)
Confirm with . or Enter, or press ? or * to list all spells.
Aiming: Ensorcelled Hibernation (safe; 2% risk of failure)
Press: ? - help, Shift-Dir - straight line, f - deep troll
Aim: a deep troll (chance to affect: 37%)
The deep troll easily resists.
The deep troll bites you! The deep troll claws you. The deep troll claws you!
The deep troll attacks as you move away!
The deep troll bites you.
* * * LOW HITPOINT WARNING * * *
The deep troll closely misses you. x2
The deep troll attacks as you move away!
The deep troll bites you.
* * * LOW HITPOINT WARNING * * *
The deep troll misses you. The deep troll claws you!
You die...

#..#####'#####'#
#..####..#...#.#
#..#__####..##.#
#..#_____##'#_.+
#⌠⌠#_.∩...'..._#
####_..__##_.#'#
#_____###'#.#
############.####+###
#∩........'..@T$$.$$+
###++++####.).#######
##.## #+#


You could see a deep troll.

Vanquished Creatures
  Sonja (D)
  Sigmund (D)
  A yak (D)
  An ogre (D)
  A jelly (D)
  Ijyb (D)
6 creatures vanquished.

Notes
Turn   | Place    | Note
-------+----------+-------------------------------------------
     0 | D        | howech the Octopode Enchanter began the quest for the Orb.
     0 | D        | Reached XP level 1. HP: 11/11 MP: 3/3
     2 | D        | Noticed Ijyb
     5 | D        | Killed Ijyb
     6 | D        | Reached skill level 6 in Stealth
     6 | D        | Reached XP level 2. HP: 17/17 MP: 3/5
     6 | D        | Reached XP level 3. HP: 21/21 MP: 4/7
   156 | D        | Learned a level 2 spell: Ensorcelled Hibernation
   160 | D        | Learned a level 3 spell: Confusing Touch
   160 | D        | Noticed an ogre
   168 | D        | Killed an ogre
   169 | D        | Reached skill level 8 in Stealth
   169 | D        | Reached skill level 5 in Hexes
   169 | D        | Reached XP level 4. HP: 27/27 MP: 1/10
   238 | D        | Noticed Sigmund
   240 | D        | Killed Sigmund
   241 | D        | Reached skill level 11 in Stealth
   241 | D        | Reached skill level 5 in Spellcasting
   241 | D        | Reached XP level 5. HP: 31/31 MP: 10/12
   241 | D        | Reached XP level 6. HP: 36/36 MP: 10/13
   254 | D        | Found an ornate altar of the Wu Jian Council.
   254 | D        | Found a shimmering blue altar of Sif Muna.
   256 | D        | Found a radiant altar of Vehumet.
   261 | D        | Reached skill level 5 in Short Blades
   276 | D        | Noticed Sonja
   280 | D        | Killed Sonja
   281 | D        | Reached skill level 15 in Stealth
   281 | D        | Reached XP level 7. HP: 41/41 MP: 14/17
   281 | D        | Reached XP level 8. HP: 46/46 MP: 14/18
   313 | D        | Found Qot Oroatu's Distillery.
   313 | D        | Found an ancient bone altar of Kikubaaqudgha.
   313 | D        | Found a hazy altar of Hepliaklqana.
   313 | D        | Found a stormy altar of Qazlal.
   313 | D        | Found a hide-covered altar of Uskayaw.
   313 | D        | Found a blossoming altar of Fedhas.
   313 | D        | Found a bloodstained altar of Trog.
   313 | D        | Found an iron altar of Okawaru.
   313 | D        | Found a basalt altar of Yredelemnul.
   313 | D        | Found a glowing golden altar of the Shining One.
   313 | D        | Found a snail-covered altar of Cheibriados.
   313 | D        | Found a sacrificial altar of Ru.
   313 | D        | Found a glowing silver altar of Zin.
   313 | D        | Found a shadowy altar of Dithmenos.
   313 | D        | Found a white marble altar of Elyvilon.
   313 | D        | Noticed a yak
   314 | D        | Found an opulent altar of Gozag.
   315 | D        | Killed a yak
   316 | D        | Found a sparkling altar of Nemelex Xobeh.
   331 | D        | Found Weonozegh's Weapon Boutique.
   351 | D        | Noticed a deep troll
   355 | D        | Slain by a deep troll

Illustrated notes

Levels and vault maps discovered:
D:        dungeon_sprint_1 [red_sonja_temple_1, red_sonja_temple_small_1]

Skill      XL: |  1  2  3  4  5  6 |
---------------+-------------------+-----
Stealth        | 6 8 11 15 | 15.6
Hexes          | 4 5 6 8 |  8.9
Short Blades   | 3 4 7 |  7.4
Spellcasting   | 4 5 7 |  7.3
Dodging        | |  2.6

Action                     |  1- 3 |  4- 6 |  7- 9 || total
---------------------------+-------+-------+-------++-------
  Melee: Dagger            |     3 |     3 |     1 ||     7
         Tentacles         |     2 |       |       ||     2
         Constrict         |     1 |       |       ||     1
   Cast: Ensorcelled Hiber |     3 |       |     1 ||     4
    Use: Potion            |     1 |       |       ||     1
   Stab: Sleeping          |     1 |     3 |     1 ||     5
  Dodge: Dodged            |     1 |       |     3 ||     4

Table legend: (Time is in decaauts)
 A = Elapsed time spent in this place.
 B = Non-inter-level travel time spent in this place.
 C = Inter-level travel time spent in this place.
 D = Time resting spent in this place.
 E = Time spent auto-exploring this place.
 F = Levels seen in this place.
 G = Mean time per level.
                   A        B        C        D        E       F      G
               +--------+--------+--------+--------+--------+-----+--------+
         Total |    365 |    365 |      0 |    211 |      0 |   1 |  365.0 |
       Dungeon |    365 |    365 |      0 |    211 |      0 |   1 |  365.0 |
               +--------+--------+--------+--------+--------+-----+--------+

Top non-repeatable levels by time:
       D: 365 daAuts
